 Dungeon Sprint DCSS version 0.31-a0-844-gdc52ec4e09 (webtiles) character file.

Game seed: 11608251026955263641

1300 sircluck the Grappler (level 8, -11/92 HPs)
             Began as a Troll Berserker on Sept 29, 2023.
             Was a Priest of Trog.
             Killed from afar by an efreet (16 damage)
             ... with a bolt of fire
             ... in the Dungeon (Sprint VII: "The Pits").
             The game lasted 00:00:41 (167 turns).

sircluck the Grappler (Troll Berserker)              Turns: 167, Time: 00:00:42

Health: -11/92     AC:  4    Str: 28    XL:     8   Next: 31%
Magic:  7/7        EV: 12    Int:  3    God:    Trog [***...]
Gold:   0          SH:  0    Dex:  9    Spells: 7/7 levels left

rFire   . .          .
                       - Unarmed
rCold   . . .        (no shield)
rNeg    . . .        a - +0 animal skin
rPois   .            (helmet restricted)
rElec   .            (no cloak)
rCorr   .            (gloves unavailable)
SInv    .            (boots unavailable)
Will    .....        (no amulet)
Stlth   +            (no ring)
HPRegen 1.15/turn    (no ring)
MPRegen 0.10/turn

%: no teleportation
@: confused, on berserk cooldown, slowed, very slow
A: large, unfitting armour, claws 3, regeneration 1, shaggy fur 1, tough skin 1
a: Renounce Religion, Berserk, Trog's Hand


You were in the Dungeon.
You worshipped Trog.
Trog was most pleased with you.
You visited 1 branch

Inventory:

Armour
 a - a +0 animal skin (worn)
Scrolls
 g - a scroll of blinking
Potions
 b - a potion of curing
 c - a potion of heal wounds
 d - a potion of haste
 e - 2 potions of magic
 f - a potion of berserk rage


   Skills:
 + Level 9.5 Fighting
 + Level 9.4 Dodging
 + Level 11.1 Unarmed Combat


You had 7 spell levels left.
You didn't know any spells.
Your spell library was empty.

Dungeon Overview and Level Annotations

Branches:
Dungeon (1/1)

Altars:


Innate Abilities, Weirdness & Mutations

You are too large for most types of armour.
You have claws for hands.
Your natural rate of healing is unusually fast.
You are covered in fur. (AC +1)
You have tough skin. (AC +1)


Message History

The efreet gestures at you. The bolt of fire misses you.
The kobold moves out of view.
The swamp drake roars!
The swamp drake breathes poison at you.
The noxious blast engulfs the kobold but does no damage.
The kobold is poisoned.
The kobold is engulfed in noxious fumes.
The kobold appears confused.
The efreet gestures at you.
The fireball explodes!
The fireball engulfs you!!
A red film seems to cover your vision as you go berserk!
You feel yourself moving faster!
You feel mighty!
You can no longer call in reinforcements.
The efreet gestures at you. The bolt of fire misses you.
You feel a strong urge to attack something.
The swamp drake breathes poison at you. The noxious blast misses you.
The efreet gestures at you.
The fireball explodes!
The fireball engulfs you!!
* * * LOW HITPOINT WARNING * * *
You are engulfed in noxious fumes.
You choke on the stench!
You are confused.
You bump into the metal wall.
You feel your anger nearly subside.
You are engulfed in noxious fumes.
You choke on the stench!
You are more confused.
You are no longer berserk.
You are exhausted.
You feel yourself slow down.
The efreet hits you with a +4 scimitar of flaming!!
* * * LOW HITPOINT WARNING * * *
The efreet burns you.
* * * LOW HITPOINT WARNING * * *
The kobold cries.
You're too confused to move!
You are engulfed in noxious fumes.
The kobold dies!
The efreet gestures at you. The bolt of fire hits you!
You die...

#####''######
...##''# ##
...##..## ##.
...##...## ##..
...###†..##+##..##
...# ##........°.##
...###..###+###°°°#
...##..##.....##°°#
#####..+ ....).k@°+
#..##.....##R.#
##..###+###)..#
##†.......).##
##...##+##..##
#...## ##..# #..##
##..+ ### ###


You could see an efreet and a swamp drake (catching breath).

Vanquished Creatures
  A death yak (D)
  A cane toad (D)
  A shadow (D)
  A wyvern (D)
  A necrophage (D)
  An orc priest (D)
  An orc wizard (D)
  A hell rat (D)
  2 orcs (D)
10 creatures vanquished.

Vanquished Creatures (others)
  A kobold (D)
1 creature vanquished.

Grand Total: 11 creatures vanquished

Notes
Turn   | Place    | Note
-------+----------+-------------------------------------------
     0 | D        | sircluck the Troll Berserker began the quest for the Orb.
     0 | D        | Reached XP level 1. HP: 22/22 MP: 0/0
    16 | D        | Noticed a necrophage
    16 | D        | Noticed a hell rat
    22 | D        | Killed a necrophage
    23 | D        | Reached skill level 5 in Unarmed Combat
    23 | D        | Reached XP level 2. HP: 33/33 MP: 1/1
    23 | D        | Reached XP level 3. HP: 40/40 MP: 2/2
    23 | D        | Noticed a cane toad
    29 | D        | Reached XP level 4. HP: 25/49 MP: 3/3
    32 | D        | Killed a cane toad
    32 | D        | Reached ** piety under Trog
    33 | D        | Reached skill level 8 in Unarmed Combat
    33 | D        | Reached XP level 5. HP: 25/62 MP: 4/4
    33 | D        | Reached XP level 6. HP: 29/71 MP: 5/5
    73 | D        | Noticed a wyvern
    73 | D        | Noticed a death yak
    87 | D        | Killed a death yak
    88 | D        | Reached skill level 10 in Unarmed Combat
    88 | D        | Reached XP level 7. HP: 81/81 MP: 6/6
    89 | D        | Killed a wyvern
    90 | D        | Reached XP level 8. HP: 92/92 MP: 7/7
   140 | D        | Reached skill level 11 in Unarmed Combat
   146 | D        | Reached *** piety under Trog
   153 | D        | Reached **** piety under Trog
   157 | D        | Noticed an efreet
   166 | D        | HP: 4/92 [efreet/+4 scimitar of flaming (4)]
   167 | D        | Killed from afar by an efreet

Illustrated notes

Levels and vault maps discovered:
D:        pitsprint [storerooms_1, entrance_room_1, metal_vault_5, armoury_2,
          mini_pit_1, grid_room_1, main_hall_1, silver_pit, the_coven_3,
          the_vestibule_1, steel_vault_3, golden_pit, hallway_of_sentries,
          crystal_vault_5, iron_vault_4, final_vault]

Skill      XL: |  1  2  3  4  5  6  7  8 |
---------------+-------------------------+-----
Fighting       | 4 7 8 9 |  9.5
Dodging        | 4 7 8 9 |  9.4
Unarmed Combat | 5 8 10 11 | 11.1

Action                     |  1- 3 |  4- 6 |  7- 9 || total
---------------------------+-------+-------+-------++-------
  Melee: Unarmed           |     8 |    16 |    15 ||    39
         Punch             |       |       |     1 ||     1
 Invoke: Berserk           |     1 |     1 |     1 ||     3
 Armour: Animal skin       |     3 |     3 |    11 ||    17
  Dodge: Dodged            |     4 |     6 |     5 ||    15

Table legend: (Time is in decaauts)
 A = Elapsed time spent in this place.
 B = Non-inter-level travel time spent in this place.
 C = Inter-level travel time spent in this place.
 D = Time resting spent in this place.
 E = Time spent auto-exploring this place.
 F = Levels seen in this place.
 G = Mean time per level.
                   A        B        C        D        E       F      G
               +--------+--------+--------+--------+--------+-----+--------+
         Total |    172 |    172 |      0 |     80 |     16 |   1 |  172.0 |
       Dungeon |    172 |    172 |      0 |     80 |     16 |   1 |  172.0 |
               +--------+--------+--------+--------+--------+-----+--------+

Top non-repeatable levels by time:
       D: 172 daAuts
